 Dungeon Crawl Stone Soup version 0.31.0-9-g3a7656b989 (webtiles) character file.

Game seed: 11666862952726441645

9195 qw the Skirmisher (level 11, -1/56 HPs)
             Began as a Spriggan Hunter on Feb 2, 2024.
             Was an Elder of Okawaru.
             Slain by a vampire mosquito (8 damage)
             ... on level 11 of the Dungeon.
             The game lasted 00:00:47 (7537 turns).

qw the Skirmisher (Spriggan Hunter)                 Turns: 7537, Time: 00:00:47

Health: -1/56      AC: 15    Str:  7    XL:     11   Next: 19%
Magic:  10/16      EV: 27    Int: 12    God:    Okawaru [****..]
Gold:   151        SH:  0    Dex: 22    Spells: 10/10 levels left

rFire   + . .        m - +6 hand cannon (heavy)
rCold   + . .        (no shield)
rNeg    . . .        r - +0 swamp dragon scales
rPois   +            t - +2 hat
rElec   .            A - scarf {rC+ rF+}
rCorr   +            (gloves unavailable)
SInv    +            (boots unavailable)
Will    +....        o - amulet of regeneration
Stlth   +++          b - ring of resist corrosion
HPRegen 1.09/turn    w - +4 ring of protection
MPRegen 0.15/turn

%: no passive effects
@: heroic, finesse-ful, marked, slowed, quick
A: very small, no large weapons, unfitting armour, see invisible, speed 3, sense
surroundings 1
a: Renounce Religion, Heroism, Finesse


You were on level 11 of the Dungeon.
You worshipped Okawaru.
Okawaru was greatly pleased with you.
You visited 2 branches of the dungeon, and saw 12 of its levels.
You also visited: Ossuary.

You collected 715 gold pieces.
You spent 564 gold pieces at shops.


Innate Abilities, Weirdness & Mutations

You are very small and have problems with some larger weapons.
You are too small for most types of armour.
You have supernaturally acute eyesight. (SInv)
You cover ground extremely quickly. (Speed+++)
You passively map a small area around you.


   Skills:
 - Level 5.5(10.5) Fighting
 + Level 12.4(17.4) Ranged Weapons
 - Level 2.1(7.1) Armour
 - Level 12.2(17.2) Dodging
 - Level 1.5(6.5) Stealth
 + Level 5.7 Invocations


You had 10 spell levels left.
You didn't know any spells.
Your spell library was empty.

Inventory:

Hand Weapons
 m - a +6 heavy hand cannon (weapon)
Armour
 a - a +2 robe of fire resistance
 r - +0 swamp dragon scales (worn)
 t - a +2 hat (worn)
 u - a +2 cloak of stealth
 A - a scarf of resistance (worn)
Jewellery
 b - a ring of resist corrosion (left hand)
 o - an amulet of regeneration (around neck)
 p - a ring of positive energy
 v - a ring of fire
 w - a +4 ring of protection (right hand)
Wands
 d - a wand of mindburst (8)
 f - a wand of charming (4)
 i - a wand of iceblast (18)
 k - a wand of acid (20)
Scrolls
 c - a scroll of brand weapon
 n - 5 scrolls of teleportation
Potions
 e - 3 potions of cancellation
 g - 3 potions of curing
 h - 3 potions of heal wounds
 j - 2 potions of enlightenment
 l - a potion of mutation
 q - 2 potions of might
 z - a potion of magic {unknown}

Dungeon Overview and Level Annotations

Branches:
Dungeon (11/15)            Temple (1/1) D:5             Orc (0/2) D:10
Ossuary (visited)
   Lair: D:8-11

Altars:
Ashenzari
Cheibriados
Dithmenos
Elyvilon
Fedhas
Gozag
Hepliaklqana
Kikubaaqudgha
Makhleb
Nemelex Xobeh
Okawaru
Qazlal
Ru
Sif Muna
Trog
Uskayaw
Vehumet
Wu Jian
Xom
Yredelemnul
Zin
The Shining One

Shops:
D:1 *   D:7 *   D:10 [

Annotations:
D:5 1 runed translucent door, Crazy Yiuf


Message History

The vampire mosquito completely misses you.
The centaur shoots an arrow.
The arrow misses you.
The vampire mosquito closely misses you.
A deep elf pyromancer comes into view. It is wielding a +0 long sword.
You shoot a bolt. The bolt hits the yak!!!!
You kill the yak!
Okawaru accepts your kill. The vampire mosquito bites you!
The vampire mosquito draws strength from your injuries!
The centaur shoots an arrow.
The arrow completely misses you.
The vampire mosquito bites you but does no damage.
The centaur shoots an arrow.
The arrow barely misses you.
The vampire mosquito completely misses you.
7535 ||| RETREEEEATING.
Found a stone staircase leading down.
A killer bee comes into view.
The centaur shoots an arrow.
The arrow completely misses you.
A manticore comes into view.
A rakshasa comes into view. It is wielding a +0 trident.
The deep elf pyromancer mumbles some strange words.
The deep elf pyromancer blinks!
You shoot a bolt.
The bolt barely misses the white ugly thing.
The vampire mosquito bites you but does no damage.
The centaur shoots an arrow.
The arrow barely misses you.
The vampire mosquito completely misses you.
The deep elf pyromancer casts a spell.
The rakshasa hits you from afar with a +0 trident.
The white ugly thing tail-slaps you but does no damage.
A laughing skull comes into view.
You shoot a bolt.
The bolt closely misses the white ugly thing.
The vampire mosquito bites you.
The vampire mosquito draws strength from your injuries!
The vampire mosquito misses you.
The rakshasa blinks!
The centaur shoots an arrow.
The arrow misses you.
The arrow closely misses the fire elemental.
The arrow completely misses the fire elemental.
The white ugly thing tail-slaps you. The white ugly thing freezes you!
You resist. The vampire mosquito bites you!
You die...

, , * , , .. , ,
* .# #H. , *
$#...,, ,, .*,
.#.# . , #. *,
y.. .., *
###z#####¤###...
....c...¤.......
* ,
>.....0@y0......
, *
......0uE0......
,
.#######e.E0....
,, #..#####. ,
#..+ , , ,
,#..#,,,* * +..#
* , #..# , #..#
,


You could see a white ugly thing, a deep elf pyromancer, 2 fire elementals, a
vampire mosquito, a laughing skull and a centaur.

Vanquished Creatures
  A two-headed ogre (D:11)
  Nergalle (D:10)
  Maurice (D:7)
  Maggie (D:8)
  An unseen horror (D:10)
  A troll (D:9)
  Psyche (D:10)
  A hornet (D:8)
  3 wyverns
  A shadow (D:10)
  8 yaks
  A steam dragon (D:6)
  Menkaure (Ossuary)
  2 water moccasins (D:7)
  An acid dragon (D:11)
  5 orc warriors
  2 sky beasts (D:8)
  3 black bears
  4 centaurs
  5 kobold brigands
  3 scorpions
  13 wights
  5 killer bees (D:10)
  2 jellies
  3 howler monkeys (D:8)
  3 bombardier beetles
  3 centaur zombies (Ossuary)
  4 hounds
  4 orc priests
  A gnoll bouda (D:9)
  2 sleepcaps
  Ijyb (D:3)
  4 iguanas
  7 orc wizards
  Natasha (thrice) (D:2)
  2 ogre zombies (Ossuary)
  6 mummies (Ossuary)
  11 gnolls
  3 adders
  3 shadow imps
  2 white imps
  4 ufetubi
  4 adder zombies (Ossuary)
  A dart slug (D:4)
  47 orcs
  13 ball pythons
  4 bats
  10 endoplasms
  5 giant cockroaches
  5 goblins
  6 hobgoblins
  2 jackals (D:1)
  36 kobolds
  3 quokkas
  A frilled lizard (D:1)
  2 gnoll zombies (Ossuary)
  4 goblin zombies (Ossuary)
  3 hobgoblin zombies (Ossuary)
  2 kobold zombies (Ossuary)
  6 quokka zombies (Ossuary)
  2 rats
  4 rat zombies (Ossuary)
293 creatures vanquished.

Notes
Turn   | Place    | Note
-------+----------+-------------------------------------------
     0 | D:1      | qw the Spriggan Hunter began the quest for the Orb.
     0 | D:1      | Reached XP level 1. HP: 10/10 MP: 2/2
     0 | D:1      | 0 ||| qw: Version: 0.3-a-155-g5e7d8dd
     0 | D:1      | 0 ||| qw: Game counter: 806
     0 | D:1      | 0 ||| qw: Melee chars always use a shield: true
     0 | D:1      | 0 ||| qw: God list: Okawaru
     0 | D:1      | 0 ||| qw: Allow faded altars: false
     0 | D:1      | 0 ||| qw: Do Orc after clearing Dungeon:15 true
     0 | D:1      | 0 ||| qw: Do second Lair branch before Depths: true
     0 | D:1      | 0 ||| qw: Lair rune preference: random
     0 | D:1      | 0 ||| qw: Goals: Normal
     0 | D:1      | 0 ||| PLANNING D:1-11
    46 | D:1      | Reached skill level 3 in Dodging
    62 | D:1      | Reached XP level 2. HP: 14/14 MP: 3/3
   160 | D:1      | Reached XP level 3. HP: 12/18 MP: 4/4
   274 | D:1      | Found Xuhunow's Assorted Antiques.
   277 | D:1      | 277 ||| BUYING dark potion (23 gold).
   277 | D:1      | Bought a dark potion for 23 gold pieces
   277 | D:1      | 277 ||| SHOPLISTING scroll labelled DOBRYBO GEPH (26 gold,
                  | have 17).
   277 | D:1      | 277 ||| SHOPLISTING scroll labelled GATONE TESCHUSE (26
                  | gold, have 17).
   610 | D:1      | 610 ||| READING 3 scrolls labelled GATONE TESCHUSE.
   610 | D:1      | 610 ||| IDENTIFYING pink potion
   611 | D:1      | 611 ||| READING 2 scrolls of identify.
   611 | D:1      | 611 ||| IDENTIFYING orange potion
   612 | D:1      | 612 ||| READING scroll of identify.
   612 | D:1      | 612 ||| IDENTIFYING 2 dark potions
   613 | D:1      | 613 ||| READING scroll labelled FAOFENU KOUKEU.
   613 | D:1      | 613 ||| ENCHANTING +0 shortbow.
   614 | D:1      | 614 ||| READING scroll labelled TIAX GEUCIZXI.
   715 | D:1      | 715 ||| DROPPING scroll of butterflies.
   716 | D:1      | 716 ||| DROPPING potion of lignification.
   733 | D:2      | You fall into a shaft and drop 2 floors!
   758 | D:4      | 758 ||| READING scroll labelled SASAPA FEOWNI.
   766 | D:4      | 766 ||| FLEEEEING.
   767 | D:4      | 767 ||| FLEEEEING.
   768 | D:4      | 768 ||| FLEEEEING.
   771 | D:4      | Reached XP level 4. HP: 20/22 MP: 5/5
   771 | D:4      | 771 ||| FLEEEEING.
   772 | D:4      | 772 ||| FLEEEEING.
   797 | D:4      | 797 ||| FLEEEEING.
   798 | D:4      | 798 ||| FLEEEEING.
   969 | D:3      | 969 ||| UPGRADING to ring of resist corrosion.
   970 | D:3      | 970 ||| READING scroll labelled DEOPIA FUBECS.
   972 | D:3      | 972 ||| FLEEEEING.
   973 | D:3      | 973 ||| FLEEEEING.
   974 | D:3      | 974 ||| FLEEEEING.
   975 | D:3      | 975 ||| FLEEEEING.
   976 | D:3      | 976 ||| STAIRDANCE
  1128 | D:2      | Noticed Natasha
  1135 | D:2      | Killed Natasha
  1169 | D:2      | Noticed Natasha
  1177 | D:2      | Killed Natasha
  1178 | D:2      | Reached XP level 5. HP: 14/25 MP: 6/6
  1315 | D:2      | Noticed Natasha
  1321 | D:2      | Killed Natasha
  1437 | D:2      | 1437 ||| READING scroll of identify.
  1437 | D:2      | 1437 ||| IDENTIFYING glowing ruby potion
  1438 | D:2      | 1438 ||| READING scroll labelled POWUUC TOETOO.
  1439 | D:2      | 1439 ||| DROPPING potion of berserk rage.
  1905 | D:3      | Noticed Ijyb
  1918 | D:3      | Killed Ijyb
  2060 | D:4      | 2060 ||| STAIRDANCE
  2064 | D:3      | Reached skill level 6 in Ranged Weapons
  2090 | D:4      | 2090 ||| READING scroll of enchant weapon.
  2090 | D:4      | 2090 ||| ENCHANTING +1 shortbow.
  2159 | D:4      | Reached skill level 6 in Dodging
  2159 | D:4      | Reached XP level 6. HP: 24/30 MP: 7/7
  2476 | D:4      | 2476 ||| SWAPPING to +2 heavy hand cannon.
  2477 | D:4      | 2477 ||| DROPPING +2 shortbow.
  2689 | D:4      | 2689 ||| UPGRADING to amulet of regeneration.
  2694 | D:4      | 2694 ||| READING 2 scrolls of identify.
  2694 | D:4      | 2694 ||| IDENTIFYING metallic cyan potion
  2695 | D:4      | 2695 ||| READING scroll of identify.
  2695 | D:4      | 2695 ||| IDENTIFYING coppery potion
  2696 | D:4      | 2696 ||| READING 2 scrolls labelled MIDOAHOASH.
  2701 | D:4      | 2701 ||| DRINKING 2 glowing orange potions.
  2701 | D:4      | Gained mutation: You passively map a small area around you.
                  | [potion of mutation]
  2702 | D:4      | 2702 ||| DROPPING potion of ambrosia.
  2703 | D:4      | 2703 ||| DROPPING potion of attraction.
  2712 | D:5      | Entered Level 5 of the Dungeon
  2713 | D:5      | 2713 ||| PLANNING OSSUARY
  2745 | D:5      | Found a sand-covered staircase.
  2746 | D:5      | 2746 ||| READING scroll labelled ZIXU BOTIZXOBE.
  2751 | Ossuary  | Entered an ossuary
  2760 | Ossuary  | Reached XP level 7. HP: 35/35 MP: 8/8
  2876 | Ossuary  | Noticed Menkaure
  2877 | Ossuary  | 2877 ||| RETREEEEATING.
  2878 | Ossuary  | 2878 ||| RETREEEEATING.
  2880 | Ossuary  | 2880 ||| RETREEEEATING.
  2881 | Ossuary  | 2881 ||| RETREEEEATING.
  2883 | Ossuary  | 2883 ||| ZAPPING wand of iceblast (10) at 0,5 (Menkaure;
                  | open_door).
  2884 | Ossuary  | 2884 ||| ZAPPING wand of iceblast (9) at 0,4 (Menkaure;
                  | floor).
  2885 | Ossuary  | 2885 ||| ZAPPING wand of iceblast (8) at 0,2 (Menkaure;
                  | floor).
  2886 | Ossuary  | Killed Menkaure
  2928 | Ossuary  | 2928 ||| READING scroll of enchant weapon.
  2928 | Ossuary  | 2928 ||| ENCHANTING +2 heavy hand cannon.
  2949 | Ossuary  | 2949 ||| READING scroll of enchant weapon.
  2949 | Ossuary  | 2949 ||| ENCHANTING +3 heavy hand cannon.
  3094 | Ossuary  | 3094 ||| READING scroll labelled FESAFO XATOMYW.
  3095 | Ossuary  | 3095 ||| READING scroll labelled ZIUWINEFIF.
  3096 | Ossuary  | 3096 ||| DRINKING 3 fizzy emerald potions.
  3099 | Ossuary  | 3099 ||| Stepping ~*~*~tactically~*~*~ (cloud).
  3166 | D:5      | 3166 ||| PLANNING D:1-11
  3256 | D:5      | Reached skill level 3 in Fighting
  3260 | D:5      | 3260 ||| DRINKING 2 fizzy coppery potions.
  3271 | D:5      | Reached XP level 8. HP: 40/40 MP: 9/9
  3272 | D:5      | 3272 ||| READING scroll of enchant weapon.
  3272 | D:5      | 3272 ||| ENCHANTING +4 heavy hand cannon.
  3356 | D:5      | Found a runed translucent door.
  3357 | D:5      | Noticed Crazy Yiuf
  3480 | D:5      | Found a staircase to the Ecumenical Temple.
  3481 | D:5      | 3481 ||| PLANNING TEMPLE
  3487 | Temple   | Entered the Ecumenical Temple
  3488 | Temple   | 3488 ||| PLANNING D:1-11
  4025 | D:6      | Found a basalt altar of Yredelemnul.
  4115 | D:6      | Found a hazy altar of Hepliaklqana.
  4303 | D:6      | Reached skill level 9 in Ranged Weapons
  4421 | D:6      | Reached skill level 9 in Dodging
  4489 | D:6      | Found an iron altar of Okawaru.
  4490 | D:6      | 4490 ||| PLANNING OKAWARU WORSHIP
  4490 | D:6      | 4490 ||| READING scroll labelled TUGE WESINNIY.
  4591 | D:6      | 4591 ||| READING 2 scrolls labelled DOBRYBO GEPH.
  4591 | D:6      | 4591 ||| ENCHANTING +0 robe.
  4592 | D:6      | 4592 ||| DRINKING 2 inky potions.
  4600 | D:6      | Became a worshipper of Warmaster Okawaru
  4601 | D:6      | 4601 ||| PLANNING D:1-11
  4889 | D:7      | 4889 ||| FLEEEEING.
  4891 | D:7      | 4891 ||| FLEEEEING.
  4892 | D:7      | 4892 ||| FLEEEEING.
  4894 | D:7      | 4894 ||| FLEEEEING.
  4895 | D:7      | 4895 ||| FLEEEEING.
  4896 | D:7      | 4896 ||| FLEEEEING.
  4953 | D:7      | Found Ramm's Assorted Antiques.
  4956 | D:7      | 4956 ||| BUYING potion of curing (93 gold).
  4956 | D:7      | Bought a potion of curing for 93 gold pieces
  4956 | D:7      | 4956 ||| SHOPLISTING scroll of enchant weapon (232 gold,
                  | have 212).
  4956 | D:7      | 4956 ||| BUYING scroll of identify (62 gold).
  4956 | D:7      | Bought a scroll of identify for 62 gold pieces
  4956 | D:7      | 4956 ||| BUYING scroll of identify (62 gold).
  4956 | D:7      | Bought a scroll of identify for 62 gold pieces
  4956 | D:7      | 4956 ||| BUYING scroll of identify (62 gold).
  4956 | D:7      | Bought a scroll of identify for 62 gold pieces
  4956 | D:7      | 4956 ||| SHOPLISTING scroll of teleportation (93 gold, have
                  | 26).
  4980 | D:7      | Noticed Maurice
  4981 | D:7      | 4981 ||| ZAPPING wand of acid (14) at -1,2 (Maurice;
                  | floor).
  4982 | D:7      | 4982 ||| DRINKING 2 potions of haste.
  4984 | D:7      | Reached XP level 9. HP: 44/44 MP: 10/10
  4994 | D:7      | Killed Maurice
  4994 | D:7      | Reached * piety under Okawaru
  5027 | D:7      | Reached skill level 1 in Invocations
  5105 | D:7      | 5105 ||| READING scroll of enchant weapon.
  5105 | D:7      | 5105 ||| ENCHANTING +5 heavy hand cannon.
  5257 | D:7      | Reached skill level 3 in Invocations
  5476 | D:7      | 5476 ||| UPGRADING to +1 cloak of stealth.
  5481 | D:7      | 5481 ||| READING scroll of enchant armour.
  5481 | D:7      | 5481 ||| ENCHANTING +1 cloak of stealth.
  5482 | D:7      | 5482 ||| UPGRADING to +4 ring of protection.
  5483 | D:7      | 5483 ||| READING 3 scrolls of identify.
  5483 | D:7      | 5483 ||| IDENTIFYING fizzy grey potion
  5484 | D:7      | 5484 ||| READING 2 scrolls of identify.
  5484 | D:7      | 5484 ||| IDENTIFYING brown potion
  5485 | D:7      | 5485 ||| READING scroll of identify.
  5485 | D:7      | 5485 ||| IDENTIFYING fizzy yellow potion
  5486 | D:7      | 5486 ||| DROPPING potion of invisibility.
  5487 | D:7      | 5487 ||| DROPPING potion of degeneration.
  5516 | D:8      | 5516 ||| RETREEEEATING.
  5517 | D:8      | 5517 ||| RETREEEEATING.
  5518 | D:8      | 5518 ||| RETREEEEATING.
  5519 | D:8      | 5519 ||| RETREEEEATING.
  5520 | D:8      | 5520 ||| RETREEEEATING.
  5523 | D:8      | 5523 ||| INVOKING Heroism.
  5524 | D:8      | 5524 ||| DRINKING potion of haste.
  5526 | D:8      | Reached ** piety under Okawaru
  5580 | D:8      | Found a sparkling altar of Nemelex Xobeh.
  5649 | D:8      | Reached XP level 10. HP: 49/49 MP: 14/14
  5650 | D:8      | 5650 ||| RETREEEEATING.
  5650 | D:8      | Noticed Maggie
  5651 | D:8      | 5651 ||| RETREEEEATING.
  5652 | D:8      | 5652 ||| RETREEEEATING.
  5653 | D:8      | 5653 ||| RETREEEEATING.
  5656 | D:8      | 5656 ||| RETREEEEATING.
  5658 | D:8      | 5658 ||| RETREEEEATING.
  5663 | D:8      | Reached *** piety under Okawaru
  5673 | D:8      | 5673 ||| INVOKING Heroism.
  5677 | D:8      | Killed Maggie
  5678 | D:8      | Reached skill level 12 in Dodging
  5822 | D:8      | Found a broken altar of Ashenzari.
  5822 | D:8      | Found a snail-covered altar of Cheibriados.
  5962 | D:8      | 5962 ||| UPGRADING to +2 robe of fire resistance.
  5972 | D:8      | 5972 ||| DROPPING +1 robe.
  5973 | D:8      | 5973 ||| UPGRADING to +0 swamp dragon scales.
  5983 | D:8      | 5983 ||| READING 2 scrolls of identify.
  5983 | D:8      | 5983 ||| IDENTIFYING scroll labelled ULEID BAIWN
  5984 | D:8      | 5984 ||| DROPPING scroll of fog.
  6023 | D:9      | Reached skill level 1 in Armour
  6138 | D:9      | Found a shimmering altar of Xom.
  6138 | D:9      | Found a shimmering altar of Xom.
  6138 | D:9      | Found a shimmering altar of Xom.
  6138 | D:9      | Found a shimmering altar of Xom.
  6138 | D:9      | Found a shimmering altar of Xom.
  6139 | D:9      | Found a shimmering altar of Xom.
  6141 | D:9      | Found a shimmering altar of Xom.
  6239 | D:9      | Found a bloodstained altar of Trog.
  6249 | D:9      | Found a glowing silver altar of Zin.
  6563 | D:9      | Reached **** piety under Okawaru
  6676 | D:9      | 6676 ||| READING scroll of identify.
  6676 | D:9      | 6676 ||| IDENTIFYING scroll labelled WEKIGA BEILLA
  6697 | D:10     | Entered Level 10 of the Dungeon
  6697 | D:10     | Noticed Nergalle
  6698 | D:10     | 6698 ||| INVOKING Finesse.
  6701 | D:10     | HP: 7/46 [Nergalle/bolt of negative energy (39)]
  6702 | D:10     | 6702 ||| STAIRDANCE
  6848 | D:10     | Reached skill level 12 in Ranged Weapons
  6909 | D:10     | Noticed Psyche
  6910 | D:10     | Killed Psyche
  6975 | D:10     | Found Vuoneg's Antique Armour Shoppe.
  6983 | D:10     | 6983 ||| BUYING embroidered robe (103 gold).
  6983 | D:10     | Bought an embroidered robe for 103 gold pieces
  6983 | D:10     | 6983 ||| BUYING faintly glowing robe (159 gold).
  6983 | D:10     | Bought a faintly glowing robe for 159 gold pieces
  6983 | D:10     | Identified the +0 robe "Dorghux" {rC- Will++ Stlth+
                  | Archmagi} (You bought it in a shop on level 10 of the
                  | Dungeon)
  6983 | D:10     | 6983 ||| SHOPLISTING transparent cloak (266 gold, have
                  | 132).
  7046 | D:10     | 7046 ||| INVOKING Finesse.
  7047 | D:10     | 7047 ||| INVOKING Finesse.
  7055 | D:10     | Killed Nergalle
  7146 | D:10     | Reached XP level 11. HP: 56/56 MP: 15/15
  7156 | D:10     | Found a staircase to the Orcish Mines.
  7459 | D:10     | 7459 ||| UPGRADING to +2 hat.
  7464 | D:10     | 7464 ||| DROPPING +2 robe of willpower.
  7465 | D:10     | 7465 ||| DROPPING +0 robe "Dorghux" {rC- Will++ Stlth+
                  | Archmagi}.
  7466 | D:10     | 7466 ||| UPGRADING to scarf of resistance.
  7476 | D:10     | 7476 ||| DROPPING +6 ring of intelligence.
  7517 | D:11     | 7517 ||| RETREEEEATING.
  7518 | D:11     | 7518 ||| RETREEEEATING.
  7519 | D:11     | 7519 ||| RETREEEEATING.
  7520 | D:11     | 7520 ||| RETREEEEATING.
  7521 | D:11     | 7521 ||| RETREEEEATING.
  7522 | D:11     | Noticed a centaur warrior
  7523 | D:11     | 7523 ||| INVOKING Finesse.
  7524 | D:11     | 7524 ||| INVOKING Finesse.
  7525 | D:11     | HP: 3/56 [centaur warrior/arrow (16)]
  7526 | D:11     | 7526 ||| READING 6 scrolls of teleportation.
  7527 | D:11     | 7527 ||| DRINKING 4 potions of heal wounds.
  7528 | D:11     | Noticed a catoblepas
  7530 | D:11     | Noticed a white ugly thing
  7530 | D:11     | Noticed a two-headed ogre
  7531 | D:11     | 7531 ||| INVOKING Heroism.
  7533 | D:11     | Killed a two-headed ogre
  7533 | D:11     | Noticed a deep elf pyromancer
  7535 | D:11     | 7535 ||| RETREEEEATING.
  7535 | D:11     | Noticed a rakshasa
  7537 | D:11     | HP: 7/56 [white ugly thing (14)]
  7537 | D:11     | Slain by a vampire mosquito

Levels and vault maps discovered:
D:1:      nzn_arrival_depleted_hourglass, layout_rooms, serial_shops,
          nicolae_shop_behind_doors, minmay_tall_x
D:2:      layout_rooms, uniq_natasha
D:3:      layout_basic, uniq_ijyb
D:4:      layout_basic, minmay_misc_feat_encased, kennysheep_generic_room_13
D:5:      layout_basic, temple_green, enter_ossuary_5, minivault_11,
          roderic_roman_lattice, minmay_strange_pillars, kennysheep_crisscross,
          uniq_crazy_yiuf_cottage
D:6:      layout_loops_ring, nicolae_overflow_crystal_walls,
          mainiacjoe_overflow_paths, nzn_hepliaklqana_mist_gate,
          kennysheep_potato
D:7:      layout_basic, serial_shops, shop, uniq_maurice
D:8:      layout_cave_pools, gammafunk_temple_overflow_forgotten, uniq_maggie
D:9:      layout_roguey [special_room_orc], trog_ov_bears_minmay,
          kennysheep_mini, xom_redecorated, nicolae_zig_zag_zippers
D:10:     layout_stronghold, orc_0_dummy, serial_shops, shop,
          minmay_misc_feat_enclosed, uniq_psyche, uniq_nergalle
D:11:     minmay_the_grid_square_5x5_4x4 [minmay_the_grid_square_5x5_hourglass,
          minmay_the_grid_square_5x5_one_wall,
          minmay_the_grid_square_5x5_almost_minimal,
          minmay_the_grid_square_5x5_eight, minmay_the_grid_square_5x5_inset,
          minmay_the_grid_square_5x5_prize_open,
          minmay_the_grid_square_5x5_prize_rear_guard,
          minmay_the_grid_square_5x5_n_small,
          minmay_the_grid_square_5x5_inner_v,
          minmay_the_grid_square_5x5_prize_deathbox,
          minmay_the_grid_square_5x5_prize_gold, minmay_the_grid_square_5x5_n,
          minmay_the_grid_square_5x5_beaten_path,
          minmay_the_grid_square_5x5_shrine1, minmay_the_grid_square_5x5_c,
          minmay_the_grid_square_5x5_tie], layout_irregular_city,
          lair_entry_dummy
Temple:   nicolae_temple_god_jail

Skill      XL: |  1  2  3  4  5  6  7  8  9 10 11 |
---------------+----------------------------------+-----
Dodging        | 3 4 5 6 7 9 11 12 | 12.2
Ranged Weapons | 5 6 7 8 10 12 | 12.4
Fighting       | 2 3 4 5 |  5.5
Invocations    | 4 5 |  5.7
Armour         | 2 |  2.1
Stealth        | |  1.5

Action                     |  1- 3 |  4- 6 |  7- 9 | 10-12 || total
---------------------------+-------+-------+-------+-------++-------
   Fire: Shortbow          |    67 |   146 |       |       ||   213
         Hand cannon       |       |    11 |   202 |   164 ||   377
 Invoke: Heroism           |       |       |     1 |     2 ||     3
         Finesse           |       |       |       |     3 ||     3
  Evoke: Wand              |       |       |     4 |       ||     4
    Use: Scroll            |     6 |     8 |    12 |     3 ||    29
         Potion            |       |     1 |     5 |     1 ||     7
 Armour: Robe              |     3 |    20 |    40 |    11 ||    74
         Swamp dragon scal |       |       |       |    51 ||    51
  Dodge: Dodged            |     6 |    47 |   129 |   158 ||   340

Table legend:
 A = Non-vault XP
 B = Vault XP
 C = Vault XP percentage of total XP
 D = Non-vault monster count
 E = Vault monster count
 F = Vault count percentage of total count
                 A         B        C        D         E       F
            +---------+---------+-------+---------+---------+-------
      Total |    9380 |    3757 |  28.6 |     212 |      81 |  27.6
            +---------+---------+-------+---------+---------+-------
        D:1 |      53 |       7 |  11.7 |      24 |       4 |  14.3
        D:2 |      81 |      33 |  28.9 |       9 |       1 |  10.0
        D:3 |      83 |      36 |  30.3 |      19 |       1 |   5.0
        D:4 |     361 |       2 |   0.6 |      17 |       1 |   5.6
        D:5 |     375 |       0 |   0.0 |      18 |       0 |   0.0
        D:6 |     529 |     154 |  22.5 |      14 |       3 |  17.6
        D:7 |    1443 |     512 |  26.2 |      39 |       1 |   2.5
        D:8 |    2491 |     389 |  13.5 |      29 |       1 |   3.3
        D:9 |    1222 |     652 |  34.8 |      29 |      28 |  49.1
       D:10 |    1929 |    1107 |  36.5 |      13 |       2 |  13.3
       D:11 |     813 |     359 |  30.6 |       1 |       2 |  66.7
    Ossuary |       0 |     506 | 100.0 |       0 |      37 | 100.0
            +---------+---------+-------+---------+---------+-------
